 Dungeon Crawl Stone Soup version 0.30-a0-341-g682706514a (webtiles) character file.

Game seed: 8406064792613174182

170 koil the Ruffian (level 5, -5/42 HPs)
             Began as a Draconian Transmuter on Nov 4, 2022.
             Succumbed to an orc wizard's poison
             ... on level 3 of the Dungeon.
             The game lasted 00:06:38 (2572 turns).

koil the Ruffian (Draconian Transmuter)             Turns: 2572, Time: 00:06:39

Health: -5/42      AC:  5    Str: 14    XL:     5   Next: 26%
Magic:  9/9        EV: 12    Int: 13    God:
Gold:   213        SH:  0    Dex: 12    Spells: 6/9 levels left

rFire   . . .      SeeInvis .      - Unarmed
rCold   . . .      Faith    .    (no shield)
rNeg    . . .      Spirit   .    (body armour unavailable)
rPois   .          Reflect  .    (helmet currently unavailable)
rElec   .          Harm     .    (no cloak)
rCorr   .          Rampage  .    (no gloves)
Will    .....                    (boots currently unavailable)
Stlth   +.........               (no amulet)
HPRegen 0.27/turn                (no ring)
MPRegen 0.11/turn                (no ring)

@: lethally poisoned (-5 -> -33), appendages (expiring)
A: horns 2, talons 2, AC +5, unfitting armour, cold-blooded
a: End Transformation


You were on level 3 of the Dungeon.
You had temporarily grown beastly horns and talons.
You visited 1 branch of the dungeon, and saw 4 of its levels.

You collected 213 gold pieces.

Inventory:

Hand Weapons
 k - a +2 vampiric dagger
Missiles
 c - 6 poisoned darts
Jewellery
 j - an amulet of guardian spirit
Wands
 h - a wand of flame (11)
Scrolls
 b - a scroll of vulnerability {unknown}
 d - a scroll of enchant weapon {unknown}
 e - a scroll of teleportation {unknown}
 g - a scroll of torment {unknown}
 l - a scroll of summoning {unknown}
 n - a scroll of immolation {unknown}
 o - a scroll of noise {unknown}
Potions
 a - 3 potions of lignification
 f - a potion of mutation {unknown}
 i - 2 potions of experience {unknown}
 m - 2 potions of flight {unknown}
 p - a potion of heal wounds {unknown}
 q - a potion of invisibility {unknown}
 r - a potion of attraction {unknown}


   Skills:
 + Level 2.6 Fighting
 + Level 2.7 Dodging
 + Level 3.7 Unarmed Combat
 + Level 2.8 Spellcasting
 + Level 3.0 Transmutations


You had 6 spell levels left.
You knew the following spells:

 Your Spells              Type           Power      Damage    Failure   Level
a - Beastly Appendage     Tmut           18%        N/A       7%          1
b - Wereblood             Tmut           9%         N/A       11%         2

Your spell library contained the following spells:

 Spells                   Type           Power      Damage    Failure   Level
 Foxfire                  Conj/Fire      4%         2x1d4     24%         1
 Spider Form              Tmut/Pois      5%         N/A       36%         3
 Stone Arrow              Conj/Erth      2%         3d7       56%         3
 Summon Guardian Golem    Hex/Summ       1%         N/A       56%         3
 Ice Form                 Ice/Tmut       5%         N/A       77%         4
 Fireball                 Conj/Fire      0%         3d3       100%        5
 Starburst                Conj/Fire      0%         6d3       100%        6
 Orb of Destruction       Conj           0%         9d5       100%        7
 Spellforged Servitor     Conj/Summ      0%         N/A       100%        7
 Lehudib's Crystal Spear  Conj/Erth      0%         10d2      100%        8
 Animate Armour           Summ/Erth      Unusable   N/A       N/A         4

Dungeon Overview and Level Annotations

Branches:
Dungeon (4/15)
 Temple: D:4-7

Altars:
Sif Muna


Innate Abilities, Weirdness & Mutations

You have temporarily grown beastly horns and talons.
Your plain brown scales are hard. (AC +5)
You cannot fit into any form of body armour.
You are cold-blooded and may be slowed by cold attacks.


Message History

Deactivating autopickup; reactivate with Ctrl-A.
The puff of flame hits you.
You hit something but do no damage.
You feel sick.
You miss something. Your headbutt misses something.
Your tail-slap misses something.
You feel sick. Something hits you but does no damage.
You are more poisoned.
You miss something.
You feel very sick. Something hits you but does no damage.
You are more poisoned.
You barely miss something. You claw something.
You feel very sick. Something hits you but does no damage.
You hit something but do no damage. Your kick misses something.
You feel very sick. Something hits you but does no damage.
You completely miss something. Your kick misses something.
You feel very sick. Something hits you.
You are lethally poisoned!
You miss something.
You feel very sick. Something hits you but does no damage.
You are more poisoned.
You hit something. You claw something.
Your transformation is almost over.
* * * LOW HITPOINT WARNING * * *
You feel very sick. Something hits you but does no damage.
You are more poisoned.
You barely miss something. Your headbutt misses something.
* * * LOW HITPOINT WARNING * * *
You feel very sick. Something hits you.
* * * LOW HITPOINT WARNING * * *
You are more poisoned.
You hit something but do no damage. Your headbutt misses something.
You punch something.
You die...

..'###'###'..'.#......# #.#
..#.'.†.'.#..#####...#######.#
..#.#...#.#..#####.#.........#
##'.#._.#.'##+.##.>#.........#
..#.#...#.#..#.##.....÷......#
..#.+...+.#..#.##..#.........#
..+###+###'..'..#..#..)......#
..#.......#..##{#†.######.##.####
..#.......#..##[@.......#........
##'###'###'#####.#.............##
.......# #.#####.#(####......#.#
######## #.......#....#......#.#
##).....#.#..<......#.#
#......#.#.##..#####.#
#..............#####.#
#......#.#.#.........#
#........#.#..#.....##


There were no monsters in sight!

Vanquished Creatures
  An orc wizard (D:3)
  8 adders
  A worm (D:2)
  2 dart slugs (D:2)
  4 orcs (D:3)
  7 ball pythons
  4 bats
  4 endoplasms
  A giant cockroach (D:3)
  3 hobgoblins
  3 jackals (D:2)
  3 quokkas
  3 frilled lizards
  5 goblins
  11 kobolds
  8 rats
  A toadstool (D:1)
69 creatures vanquished.

Vanquished Creatures (others)
  3 toadstools (D:1)
3 creatures vanquished.

Grand Total: 72 creatures vanquished

Notes
Turn   | Place    | Note
-------+----------+-------------------------------------------
     0 | D:1      | koil the Draconian Transmuter began the quest for the Orb.
     0 | D:1      | Reached XP level 1. HP: 16/16 MP: 3/3
   276 | D:1      | Reached XP level 2. HP: 19/23 MP: 3/5
   891 | D:2      | Learned a level 2 spell: Wereblood
   953 | D:2      | Reached XP level 3. HP: 16/29 MP: 6/6
  1354 | D:2      | Reached XP level 4. HP: 36/36 MP: 5/7
  2142 | D:3      | Found a shimmering blue altar of Sif Muna.
  2292 | D:3      | Reached XP level 5. HP: 40/42 MP: 9/9
  2571 | D:3      | HP: 2/42 [poisoned by an orc wizard]
  2572 | D:3      | Succumbed to an orc wizard's poison

Illustrated notes

Levels and vault maps discovered:
D:1:      ldierk_water_garden, layout_basic
D:2:      layout_basic, minmay_pentomino_pile
D:3:      layout_basic, mainiacjoe_overflow_24_doors
D:4:      layout_cave_pools, serial_shops, nicolae_shop_hallway_plus,
          chequers_decorated_corner, uniq_menkaure

Skill      XL: |  1  2  3  4  5 |
---------------+----------------+-----
Dodging        | 2 |  2.7
Fighting       | 2 |  2.6
Transmutations | 3 |  3.0
Unarmed Combat | |  3.7
Spellcasting   | |  2.8

Action                   |  1- 3 |  4- 6 || total
-------------------------+-------+-------++-------
Melee: Unarmed           |   136 |   119 ||   255
       Tailslap          |    14 |     7 ||    21
       Kick              |    11 |    11 ||    22
       Headbutt          |     8 |     4 ||    12
       Punch             |     2 |     1 ||     3
 Cast: Beastly Appendage |    12 |     8 ||    20
       Wereblood         |       |     1 ||     1
 Stab: Sleeping          |     1 |     1 ||     2
Armor: Skin              |    47 |    41 ||    88
Dodge: Dodged            |   103 |    58 ||   161

Table legend: (Time is in decaauts)
 A = Elapsed time spent in this place.
 B = Non-inter-level travel time spent in this place.
 C = Inter-level travel time spent in this place.
 D = Time resting spent in this place.
 E = Time spent auto-exploring this place.
 F = Levels seen in this place.
 G = Mean time per level.
                   A        B        C        D        E       F      G
               +--------+--------+--------+--------+--------+-----+--------+
         Total |   2559 |   2488 |     71 |     65 |   1752 |   4 |  639.8 |
       Dungeon |   2559 |   2488 |     71 |     65 |   1752 |   4 |  639.8 |
               +--------+--------+--------+--------+--------+-----+--------+

Top non-repeatable levels by time:
     D:2: 983 daAuts
     D:3: 796 daAuts
     D:1: 765 daAuts
     D:4: 13 daAuts
